 Dungeon Crawl Stone Soup version 0.21.1-1-g345015f (webtiles) character file.

235 shakethe the Shield-Bearer (level 6, 0/47 HPs)
             Began as a Formicid Fighter on Feb 7, 2018.
             Succumbed to a scorpion's poison
             ... on level 4 of the Dungeon.
             The game lasted 00:05:02 (2850 turns).

shakethe the Shield-Bearer (Formicid Fighter)       Turns: 2850, Time: 00:05:03

Health: 0/47       AC:  5    Str: 21    XL:     6   Next: 26%
Magic:  3/6        EV:  9    Int:  7    God:
Gold:   140        SH: 10    Dex: 12    Spells: 5/5 levels left

rFire    . . .     SeeInvis +   a - +1 war axe
rCold    . . .     Gourm    .   c - +0 shield
rNeg     . . .     Faith    .   v - +0 ring mail (curse)
rPois    .         Spirit   +   (helmet unavailable)
rElec    .         Reflect  .   u - scarf {Spirit}
rCorr    .         Harm     .   (no gloves)
MR       .....                  (no boots)
Stlth    +.........             s - amulet of guardian spirit
HPRegen  0.15/turn              i - ring of wizardry
MPRegen  0.10/turn              x - ring of flight

@: lethally poisoned (0 -> -3)
A: permanent stasis, dig shafts and tunnels, four strong arms, antennae 3
a: Dig, Shaft Self, Evoke Flight


You were on level 4 of the Dungeon.
You were hungry.

You visited 1 branch of the dungeon, and saw 4 of its levels.

You collected 140 gold pieces.

Inventory:

Hand Weapons
 a - a +1 war axe (weapon)
Armour
 b - a +0 scale mail
 c - a +0 shield (worn)
 n - a +0 pair of boots
 u - a scarf of spirit shield (worn)
 v - a cursed +0 ring mail (worn)
Jewellery
 i - a ring of wizardry (left hand)
 s - an amulet of guardian spirit (around neck)
 x - a ring of flight (right hand)
Scrolls
 e - 3 scrolls of identify
 g - a scroll of remove curse {unknown}
Potions
 d - a potion of might
 h - 2 potions of berserk rage {unknown}
 l - 2 potions of curing {unknown}
 m - a potion of resistance {unknown}
 p - 2 potions of heal wounds {unknown}
 q - 3 potions of agility
 t - a potion of brilliance {unknown}
Comestibles
 f - 4 rations


   Skills:
 - Level 3.4 Fighting
 * Level 5.0 Axes
 - Level 3.4 Armour
 + Level 5.3 Shields


You had 5 spell levels left.
You didn't know any spells.

Dungeon Overview and Level Annotations

Branches:
Dungeon (4/15)
 Temple: D:4-7

Altars:
Fedhas
Makhleb

Annotations:
D:4 Menkaure


Innate Abilities, Weirdness & Mutations

You cannot be hasted, slowed, berserked, paralysed or teleported.
You can dig through walls and to a lower floor.
Your four strong arms can wield two-handed weapons with a shield.
You have a pair of large antennae on your head. (SInv)


Message History

* * * LOW HITPOINT WARNING * * *
You feel sick.
* * * LOW HITPOINT WARNING * * *
You feel sick.
* * * LOW HITPOINT WARNING * * *
You feel sick.
Menkaure calls on the powers of darkness!
The iguana convulses!
The scorpion convulses!
Your body is wracked with pain!
* * * LOW HITPOINT WARNING * * *
You feel sick.
* * * LOW HITPOINT WARNING * * *
You feel sick.
You are feeling hungry.
* * * LOW HITPOINT WARNING * * *
You feel sick.
* * * LOW HITPOINT WARNING * * *
You feel sick.
* * * LOW HITPOINT WARNING * * *
You feel sick.
You die...

.........#
########M#######
........†....... .
#.######.########
..###.#)...l......#
.....#.#..[......#
##.......s.......#
#....#...........#
####..<.@........#
#................#
..................#
##.#####..........#
# ####.......#
#########


You could see Menkaure, a scorpion and an iguana.

Vanquished Creatures
  Natasha (thrice) (D:2)
  3 gnolls (D:3)
  5 adders
  A shadow imp (D:3)
  3 worms
  2 dart slugs (D:1)
  2 leopard geckos
  4 orcs (D:3)
  3 giant cockroaches
  7 goblins
  5 hobgoblins
  8 jackals
  A quokka (D:4)
  5 bats
  A frilled lizard (D:1)
  9 kobolds
  4 rats
  2 fungi (D:2)
68 creatures vanquished.

Notes
Turn   | Place    | Note
-------+----------+-------------------------------------------
     0 | D:1      | shakethe the Formicid Fighter began the quest for the Orb.
     0 | D:1      | Reached XP level 1. HP: 18/18 MP: 1/1
    87 | D:1      | Reached XP level 2. HP: 24/24 MP: 2/2
   599 | D:1      | Reached XP level 3. HP: 29/29 MP: 3/3
   960 | D:2      | Found a blossoming altar of Fedhas.
  1059 | D:2      | Reached XP level 4. HP: 23/35 MP: 4/4
  1444 | D:2      | Noticed Natasha
  1450 | D:2      | Killed Natasha
  1450 | D:2      | Reached XP level 5. HP: 29/41 MP: 5/5
  1456 | D:2      | Noticed Natasha
  1462 | D:2      | Killed Natasha
  1662 | D:2      | Noticed Natasha
  1671 | D:2      | Killed Natasha
  1907 | D:3      | Reached skill level 5 in Shields
  2077 | D:3      | Reached XP level 6. HP: 39/47 MP: 6/6
  2218 | D:3      | Found a faded altar of an unknown god.
  2610 | D:3      | Reached skill level 5 in Axes
  2677 | D:3      | Found a burning altar of Makhleb.
  2826 | D:4      | Noticed Menkaure
  2843 | D:4      | HP: 2/47 [poisoned by a scorpion]
  2848 | D:4      | HP: 1/47 [poisoned by a scorpion]
  2850 | D:4      | Succumbed to a scorpion's poison

Skill      XL: |  1  2  3  4  5  6 |
---------------+-------------------+-----
Shields        | 4 5 |  5.3
Axes           | 3 4 5 |  5.0
Fighting       | |  3.4
Armour         | |  3.4

Action                   |  1- 3 |  4- 6 || total
-------------------------+-------+-------++-------
Melee: War axe           |    76 |   137 ||   213
  Use: Scroll            |       |     7 ||     7
  Eat: Chunk             |       |     6 ||     6
Armor: Scale mail        |    44 |    43 ||    87
Dodge: Dodged            |    29 |    51 ||    80
Block: Shield            |    47 |    86 ||   133
